 Dungeon Crawl Stone Soup version 0.28.0-45-g0d030f2227 (webtiles) character file.

Game seed: 6041254230484719003

158 Peloso the Covered (level 5, 0/46 HPs)
             Began as a Minotaur Fighter on Apr 5, 2022.
             Slain by an orc wizard
             ... wielding a +0 dagger
              (2 damage)
             ... on level 3 of the Dungeon.
             The game lasted 00:02:23 (2891 turns).

Peloso the Covered (Minotaur Fighter)               Turns: 2891, Time: 00:02:24

Health: 0/46       AC:  9    Str: 21    XL:     5   Next: 16%
Magic:  4/4        EV:  7    Int:  5    God:
Gold:   76         SH:  4    Dex: 11    Spells: 4/4 levels left

rFire   . . .      SeeInvis .   a - +0 long sword
rCold   . . .      Faith    .   c - +0 buckler
rNeg    . . .      Spirit   .   k - +0 chain mail
rPois   .          Reflect  .   (helmet restricted)
rElec   .          Harm     .   (no cloak)
rCorr   .          Rampage  .   (no gloves)
Will    .....                   (no boots)
Stlth   ..........              (no amulet)
HPRegen 0.15/turn               (no ring)
MPRegen 0.09/turn               (no ring)

@: no status effects
A: horns 2, retaliatory headbutt
a: no special abilities


You were on level 3 of the Dungeon.
You visited 1 branch of the dungeon, and saw 3 of its levels.

You collected 76 gold pieces.

Inventory:

Hand Weapons
 a - a +0 long sword (weapon)
Armour
 b - a +0 scale mail
 c - a +0 buckler (worn)
 k - a +0 chain mail (worn)
Jewellery
 i - an amulet of magic regeneration
 l - a ring of poison resistance
 m - a +6 ring of strength
Scrolls
 e - 3 scrolls of identify {unknown}
 f - a scroll of silence {unknown}
 g - a scroll of immolation {unknown}
 h - a scroll of fog {unknown}
Potions
 d - 2 potions of might


   Skills:
 + Level 4.2 Fighting
 + Level 3.9 Long Blades
 + Level 5.1 Armour
 + Level 0.8 Dodging
 + Level 0.9 Stealth
 + Level 4.2 Shields


You had 4 spell levels left.
You didn't know any spells.
Your spell library contained the following spells:

 Spells                   Type           Power      Damage    Failure   Level
 Freeze                   Ice            0%         1d3       99%         1
 Corpse Rot               Necr/Air       0%         N/A       100%        2
 Poisonous Vapours        Pois/Air       0%         N/A       100%        2
 Dazzling Flash           Conj/Hex       0%         N/A       100%        3
 Frozen Ramparts          Ice            0%         1d2       100%        3
 Hailstorm                Conj/Ice       0%         3d3       100%        4
 Agony                    Necr           0%         N/A       100%        5
 Silence                  Hex/Air        0%         N/A       100%        5


Dungeon Overview and Level Annotations

Branches:
Dungeon (3/15)

Altars:
Dithmenos
Qazlal


Innate Abilities, Weirdness & Mutations

You have a pair of horns on your head.
You reflexively headbutt those who attack you in melee.


Message History

* * * LOW HITPOINT WARNING * * *
The orc hits you with a +0 flail.
* * * LOW HITPOINT WARNING * * *
It was a potion of magic.
Magic courses through your body. The rat bites you but does no damage.
The orc wizard hits you but does no damage.
The orc hits you but does no damage.
You barely miss the orc. Your headbutt misses the orc.
The orc is heavily wounded.
The rat closely misses you.
The orc wizard hits you but does no damage.
The orc barely misses you.
Unknown command.
An orc comes into view. It is wielding a +0 club.
The orc shouts!
The orc wizard hits you with a +0 dagger.
* * * LOW HITPOINT WARNING * * *
You block the rat's attack.
Found a stormy altar of Qazlal.
The orc barely misses you. The orc hits you but does no damage.
The orc wizard casts a spell.
The orc wizard flickers and vanishes!
Deactivating autopickup; reactivate with Ctrl-A.
You slash the orc!
You kill the orc!
You closely miss the orc. You headbutt the orc, but do no damage.
The orc barely misses you.
You hit the orc. You headbutt the orc.
You kill the orc!
You hit the rat but do no damage. The rat barely misses you.
You hit the rat.
The rat is heavily wounded.
The rat bites you.
* * * LOW HITPOINT WARNING * * *
You hit the rat.
You kill the rat!
You hit something. Your headbutt misses something. Something hits you.
* * * LOW HITPOINT WARNING * * *
You hit something. Your headbutt misses something. Something hits you.
You die...

.. #. . ### # #.#
# #.# # #.# .. #
#@# #...#### # #{#
#...#... # #####.#
#...#...#####
#.....#
#............
#.###.#
#...####.†.## #.#
#....)...# #.#
#........#
#.######........##
#...o...........#.


There were no monsters in sight!

Vanquished Creatures
  Terence (D:2)
  Natasha (twice) (D:3)
  3 adders (D:2)
  3 worms (D:2)
  3 dart slugs (D:2)
  3 orcs (D:3)
  3 ball pythons
  2 bats (D:1)
  An endoplasm (D:2)
  A giant cockroach (D:2)
  3 goblins
  2 hobgoblins
  3 quokkas
  2 frilled lizards (D:2)
  6 kobolds (D:2)
  5 rats
43 creatures vanquished.

Notes
Turn   | Place    | Note
-------+----------+-------------------------------------------
     0 | D:1      | Peloso the Minotaur Fighter began the quest for the Orb.
     0 | D:1      | Reached XP level 1. HP: 19/19 MP: 0/0
   575 | D:1      | Found a faded altar of an unknown god.
   961 | D:2      | Reached XP level 2. HP: 25/27 MP: 1/1
  1107 | D:2      | Reached skill level 4 in Armour
  1573 | D:2      | Reached XP level 3. HP: 9/33 MP: 2/2
  2048 | D:2      | Noticed Terence
  2056 | D:2      | Killed Terence
  2057 | D:2      | Reached XP level 4. HP: 27/40 MP: 3/3
  2544 | D:3      | Noticed Natasha
  2547 | D:3      | Found a shadowy altar of Dithmenos.
  2549 | D:3      | Killed Natasha
  2562 | D:3      | Noticed Natasha
  2572 | D:3      | Killed Natasha
  2573 | D:3      | Reached skill level 5 in Armour
  2573 | D:3      | Reached XP level 5. HP: 33/46 MP: 4/4
  2864 | D:3      | HP: 2/46 [orc wizard/+0 dagger (1)]
  2868 | D:3      | Found a stormy altar of Qazlal.
  2890 | D:3      | HP: 1/46 [something (4)]
  2891 | D:3      | Slain by an orc wizard

Illustrated notes

Levels and vault maps discovered:
D:1:      scummos_arrival_checkerplants, layout_basic,
          dilly_ecumenical_altar_fadedgnrine, chequers_serial_rivers_small_3
D:2:      layout_basic, uniq_terence
D:3:      layout_basic, mainiacjoe_overflow_alcove_4,
          nicolae_dithmenos_the_darkroom, nicolae_qazlal_eye_of_the_storm,
          serial_shops, shop, uniq_natasha, uniq_crazy_yiuf_cottage, uniq_robin

Skill      XL: |  1  2  3  4 |
---------------+-------------+-----
Shields        | 4 |  4.2
Armour         | 4 5 |  5.1
Fighting       | 4 |  4.2
Long Blades    | 3 |  3.9
Dodging        | |  0.8
Stealth        | |  0.9

Action                   |  1- 3 |  4- 6 || total
-------------------------+-------+-------++-------
Melee: Long sword        |    79 |    46 ||   125
       Headbutt          |    10 |     7 ||    17
  Use: Potion            |       |     1 ||     1
Armor: Scale mail        |    45 |       ||    45
       Chain mail        |       |    24 ||    24
Dodge: Dodged            |    49 |    21 ||    70
Block: Buckler           |    28 |     6 ||    34
